 Dungeon Crawl Stone Soup version 0.30-a0-389-g8d7d949f56 (webtiles) character file.

Game seed: 17335747892751135731

113 bande the Covered (level 4, 0/29 HPs)
             Began as a Gargoyle Fighter on Dec 3, 2022.
             Slain by an orc
             ... wielding a +0 mace
              (1 damage)
             ... on level 3 of the Dungeon.
             The game lasted 00:02:56 (2038 turns).

bande the Covered (Gargoyle Fighter)                Turns: 2038, Time: 00:02:57

Health: 0/29       AC: 11    Str: 20    XL:     4   Next: 96%
Magic:  4/4        EV:  9    Int:  8    God:
Gold:   143        SH:  4    Dex: 11    Spells: 3/3 levels left

rFire   . . .      SeeInvis .    a - +0 war axe
rCold   . . .      Faith    .    c - +0 buckler
rNeg    + . .      Spirit   .    b - +0 scale mail
rPois   ∞          Reflect  .    (no helmet)
rElec   +          Harm     .    m - +0 cloak
rCorr   .          Rampage  .    (no gloves)
Will    .....                    (no boots)
Stlth   ..........               (no amulet)
HPRegen 0.24/turn                (no ring)
MPRegen 0.09/turn                (no ring)

@: no status effects
A: sickness immunity, AC +3, negative energy resistance 1, electricity
resistance, torment resistance 1, petrification resistance
a: no special abilities


You were on level 3 of the Dungeon.
You visited 1 branch of the dungeon, and saw 4 of its levels.

You collected 143 gold pieces.

Inventory:

Hand Weapons
 a - a +0 war axe (weapon)
Armour
 b - a +0 scale mail (worn)
 c - a +0 buckler (worn)
 m - a +0 cloak (worn)
Jewellery
 h - an amulet of faith
Wands
 j - a wand of roots (6)
Scrolls
 e - 2 scrolls of summoning {unknown}
 f - a scroll of fear {unknown}
 i - 3 scrolls of identify {unknown}
 k - a scroll of brand weapon {unknown}
 l - a scroll of poison {unknown}
Potions
 d - a potion of might
 g - a potion of haste {unknown}


   Skills:
 + Level 3.8 Fighting
 + Level 3.5 Axes
 + Level 4.0 Armour
 + Level 3.6 Shields


You had 3 spell levels left.
You didn't know any spells.
Your spell library was empty.

Dungeon Overview and Level Annotations

Branches:
Dungeon (4/15)
 Temple: D:4-7

Altars:
The Shining One


Innate Abilities, Weirdness & Mutations

You are immune to sickness and miasma.
Your stone body is resilient. (AC +3)
You are immune to poison.
You resist negative energy. (rN+)
You are resistant to electric shocks. (rElec)
You are resistant to unholy torment.
You are immune to petrification.


Message History

You are too injured to fight recklessly!
You are too injured to fight recklessly!
You are too injured to fight recklessly!
You are too injured to fight recklessly!
You are too injured to fight recklessly!
You hit the orc but do no damage.
An orc comes into view. It is wielding a +0 club.
The orc hits you with a +0 mace.
* * * LOW HITPOINT WARNING * * *
A goblin comes into view. It is wielding a +0 club.
You barely miss the orc.
The goblin shouts!
The orc shouts!
You hear a shout!
The orc barely misses you.
A hobgoblin comes into view.
The orc hits you but does no damage.
You hear a shout!
You hear a shout! x2
The orc closely misses you.
You climb upwards.
There is a stone staircase leading down here.
You closely miss the orc. The orc closely misses you.
You hit the orc but do no damage. The orc hits you but does no damage.
You hit the orc but do no damage. The orc hits you with a +0 mace. x2
* * * LOW HITPOINT WARNING * * *
You barely miss the orc. The orc hits you with a +0 mace.
* * * LOW HITPOINT WARNING * * *
You are no longer corroded.
You closely miss the orc. The orc hits you but does no damage.
You closely miss the orc. The orc closely misses you.
The orc hits you but does no damage.
You hit the orc.
The orc is moderately wounded.
The orc hits you with a +0 mace.
* * * LOW HITPOINT WARNING * * *
You hit the orc.
The orc is heavily wounded.
The orc hits you with a +0 mace.
* * * LOW HITPOINT WARNING * * *
The orc hits you with a +0 mace.
You die...

##.##.#..........#
#....#...########
### ####.#...##
..# #......# ..#
###.##.# ..####
#....# .....#
###..## .....#
#.....#
.....#######>..o@#
.......).........#
.......#####.....#
.......# ##.####
.......# ##..#
######### #..##
........###.##
#........)..#
...##########


You could see an orc.

Vanquished Creatures
  A jelly (D:4)
  2 worms (D:2)
  3 dart slugs
  3 orcs (D:3)
  4 bats
  3 endoplasms (D:1)
  6 giant cockroaches
  7 hobgoblins
  6 jackals
  4 kobolds
  2 quokkas
  10 ball pythons
  A frilled lizard (D:1)
  7 goblins
  4 rats
63 creatures vanquished.

Notes
Turn   | Place    | Note
-------+----------+-------------------------------------------
     0 | D:1      | bande the Gargoyle Fighter began the quest for the Orb.
     0 | D:1      | Reached XP level 1. HP: 14/14 MP: 1/1
    46 | D:1      | Reached XP level 2. HP: 10/19 MP: 2/2
   311 | D:1      | Reached XP level 3. HP: 23/23 MP: 3/3
   990 | D:2      | You fall into a shaft and drop 1 floor!
  1039 | D:3      | Reached XP level 4. HP: 27/28 MP: 4/4
  1940 | D:3      | Found a glowing golden altar of the Shining One.
  2023 | D:4      | Reached skill level 4 in Armour
  2038 | D:3      | HP: 1/29 [orc/+0 mace (4)]
  2038 | D:3      | Slain by an orc

Illustrated notes

Levels and vault maps discovered:
D:1:      co_arrival_square_in_a_square_in_a_square, layout_rooms,
          chequers_serial_rivers_room_b, nrook_uturn, st_stairs_5,
          skrybe_limestone_x
D:2:      layout_basic
D:3:      layout_rooms, lemuel_round_altar, serial_glass, glass_columns_b,
          glass_columns_b
D:4:      layout_cave_pools, trog_antimagical, uniq_natasha, uniq_sigmund

Skill      XL: |  1  2  3  4 |
---------------+-------------+-----
Axes           | 2 3 |  3.5
Armour         | 4 |  4.0
Fighting       | |  3.8
Shields        | |  3.6

Action                   |  1- 3 |  4- 6 || total
-------------------------+-------+-------++-------
Melee: War axe           |   121 |    52 ||   173
Armor: Scale mail        |    76 |    43 ||   119
Dodge: Dodged            |    59 |    24 ||    83
Block: Buckler           |    29 |    12 ||    41

Table legend: (Time is in decaauts)
 A = Elapsed time spent in this place.
 B = Non-inter-level travel time spent in this place.
 C = Inter-level travel time spent in this place.
 D = Time resting spent in this place.
 E = Time spent auto-exploring this place.
 F = Levels seen in this place.
 G = Mean time per level.
                   A        B        C        D        E       F      G
               +--------+--------+--------+--------+--------+-----+--------+
         Total |   2110 |   2011 |     99 |      0 |   1486 |   4 |  527.5 |
       Dungeon |   2110 |   2011 |     99 |      0 |   1486 |   4 |  527.5 |
               +--------+--------+--------+--------+--------+-----+--------+

Top non-repeatable levels by time:
     D:2: 822 daAuts
     D:1: 786 daAuts
     D:3: 489 daAuts
     D:4: 11 daAuts
